 Dungeon Crawl Stone Soup version 0.32-a0-132-g2d33c3cfaf (webtiles) character file.

Game seed: 11535987195654444161

2132 SmokeWeed the Covert (level 9, -1/49 HPs)
             Began as a Kobold Enchanter on Feb 9, 2024.
             Was an Initiate of Dithmenos.
             Slain by an orc warrior (15 damage)
             ... in a bailey.
             The game lasted 00:26:23 (7323 turns).

SmokeWeed the Covert (Kobold Enchanter)             Turns: 7323, Time: 00:26:24

Health: -1/49      AC:  7    Str:  5    XL:     9   Next: 55%
Magic:  10/17      EV: 16    Int: 16    God:    Dithmenos [......]
Gold:   418        SH:  0    Dex: 20    Spells: 11/19 levels left

rFire   . . .        g - +2 dagger (venom)
rCold   . . .        r - orb {mayhem}
rNeg    . . .        j - +3 leather armour {rPois}
rPois   +            (no helmet)
rElec   .            (no cloak)
rCorr   .            d - +0 pair of gloves
SInv    .            (no boots)
Will    .....        (no amulet)
Stlth   +++++        (no ring)
HPRegen 0.28/turn    (no ring)
MPRegen 0.15/turn

%: mayhem
@: no status effects
A: small, no large weapons, nightstalker 3
a: Renounce Religion


You were in a bailey.
You worshipped Dithmenos.
Dithmenos was noncommittal.
You visited 2 branches of the dungeon, and saw 9 of its levels.
You also visited: Bailey.

You collected 418 gold pieces.

Inventory:

Hand Weapons
 a - a +1 dagger
 g - a +2 dagger of venom (weapon)
Missiles
 n - 25 poisoned darts
 u - 11 boomerangs (quivered)
Armour
 b - a +2 robe
 d - a +0 pair of gloves (worn)
 f - a +1 scale mail of fire resistance
 j - a +3 leather armour of poison resistance (worn)
 l - a +0 ring mail
 r - an orb of mayhem (worn)
Jewellery
 p - a ring of protection from fire
 q - a +5 ring of evasion
Wands
 s - a wand of flame (55)
 t - a wand of roots (4)
Scrolls
 e - 2 scrolls of teleportation
 h - 2 scrolls of vulnerability
 m - a scroll of poison
Potions
 i - a potion of brilliance
 k - a potion of enlightenment
 o - a potion of resistance {unknown}


   Skills:
 + Level 2.6 Fighting
 + Level 4.6 Short Blades
 + Level 0.5 Throwing
 + Level 2.0 Armour
 + Level 4.3 Dodging
 + Level 9.6 Stealth
 + Level 5.5 Spellcasting
 + Level 6.2 Hexes
 + Level 3.0 Ice Magic
 + Level 1.0 Evocations


You had 11 spell levels left.
You knew the following spells:

 Your Spells              Type           Power      Damage    Failure   Level
a - Ensorcelled Hibernat  Hex/Ice        38%        N/A       5%          2
b - Tukima's Dance        Hex            24%        N/A       5%          3
c - Confusing Touch       Hex            24%        N/A       5%          3

Your spell library contained the following spells:

 Spells                   Type           Power      Damage    Failure   Level
 Dazzling Flash           Conj/Hex       28%        N/A       19%         3


Dungeon Overview and Level Annotations

Branches:
Dungeon (8/15)             Temple (1/1) D:6          Bailey (1/1)
   Lair: D:8-11

Altars:
Ashenzari
Dithmenos
Fedhas
Gozag
Hepliaklqana
Kikubaaqudgha
Nemelex Xobeh
Qazlal
Ru
Sif Muna
Trog
Uskayaw
Vehumet
Xom
Yredelemnul

Annotations:
D:2 Sigmund
D:6 Dowan, Duvessa
D:8 1 runed translucent door


Innate Abilities, Weirdness & Mutations

You are small and have problems with some larger weapons.
You are completely attuned to the shadows.


Message History

There is an open gate here.
Casting: Tukima's Dance (dangerous; 5% risk of failure)
Confirm with . or Enter, or press ? or * to list all spells.
Aiming: Tukima's Dance (dangerous; 5% risk of failure)
Press: ? - help, Shift-Dir - straight line, f - orc warrior
Aim: an orc warrior, wielding a +0 broad axe and wearing a +0 ring mail (moderately wounded, chance to affect: 55%)
The +0 broad axe dances into the air!
The orc warrior hits the kobold!
The kobold dies!
Dithmenos accepts your kill.
The orc warrior hits you but does no damage.
The orc warrior hits your +0 broad axe!!
Your +0 broad axe falls from the air.
You hit the orc warrior.
The orc warrior is poisoned.
The orc warrior is moderately wounded.
The orc warrior barely misses you.
You hit the orc warrior.
The orc warrior is moderately wounded.
The orc warrior hits the orc warrior!
The orc warrior misses you.
The orc warrior hits the orc warrior!
The orc warrior dies!
Dithmenos accepts your kill.
The orc warrior shouts!
You are too injured to fight recklessly!
You hit the orc warrior but do no damage.
The orc warrior is poisoned.
The orc warrior is severely wounded.
The orc warrior completely misses you.
You barely miss the orc warrior.
The orc warrior is severely wounded.
The orc warrior hits you.
You hit the orc warrior.
The orc warrior looks as sick as possible!
The orc warrior is severely wounded.
The orc warrior hits you.
* * * LOW HITPOINT WARNING * * *
You hit the orc warrior.
The orc warrior looks as sick as possible!
The orc warrior is almost dead.
The orc warrior hits you!
You die...

.##..K#~}?ßo..ß?
##....##~~#####~
##......####...####
#..................
#..ß..ß.K))).......
#...†.....)).......
##...)....(.[......
##...ß...##o''##..
##.....##..@..##
##...##.......##
#####.........####
≈≈≈≈....∩....≈≈≈≈
≈≈≈≈.........≈≈≈≈
♣♣♣♣♣♣♣.∩.♣♣♣♣♣♣♣
♣♣♣♣♣


You could see a neutral orc warrior (fast, strong, frenzied, extremely
poisoned).

Vanquished Creatures
  Jeremiah (D:6)
  Grinder (D:6)
  A steam dragon (D:5)
  Menkaure (D:5)
  A gnoll sergeant (D:5)
  7 scorpions
  A howler monkey (D:8)
  2 bombardier beetles
  3 orc priests (D:6)
  6 hounds
  A sleepcap (D:6)
  Ijyb (D:5)
  Terence (D:3)
  2 orc wizards (D:5)
  3 iguanas
  A hound zombie (D:8)
  4 adders
  4 gnolls
  A shadow imp (D:5)
  A white imp (D:6)
  6 ufetubi
  2 dart slugs
  A ribbon worm (D:5)
  16 orcs
  3 endoplasms
  A giant cockroach (D:3)
  9 goblins
  9 hobgoblins
  6 jackals
  5 quokkas
  4 ball pythons
  A bat (D:1)
  A frilled lizard (D:3)
  9 kobolds
  A rat (D:3)
117 creatures vanquished.

Vanquished Creatures (collateral kills)
  A dancing weapon (Bailey)
  An orc warrior (Bailey)
  A burial acolyte (D:8)
  2 gnolls (D:5)
  2 kobolds (Bailey)
  A gnoll zombie (D:8)
  A kobold zombie (D:8)
9 creatures vanquished.

Vanquished Creatures (others)
  5 dancing weapons
  An ufetubus (D:5)
6 creatures vanquished.

Grand Total: 132 creatures vanquished

Notes
Turn   | Place    | Note
-------+----------+-------------------------------------------
     0 | D:1      | SmokeWeed the Kobold Enchanter began the quest for the Orb.
     0 | D:1      | Reached XP level 1. HP: 10/10 MP: 3/3
   185 | D:1      | Reached XP level 2. HP: 15/15 MP: 5/5
   188 | D:1      | Learned a level 2 spell: Ensorcelled Hibernation
   595 | D:1      | Reached XP level 3. HP: 19/19 MP: 6/6
   614 | D:1      | You fall into a shaft and drop 1 floor!
   617 | D:2      | Noticed Sigmund
   713 | D:3      | Reached skill level 5 in Stealth
   713 | D:3      | Reached XP level 4. HP: 24/24 MP: 7/7
   857 | D:3      | Learned a level 3 spell: Tukima's Dance
   863 | D:3      | Learned a level 3 spell: Confusing Touch
   864 | D:3      | Found a stormy altar of Qazlal.
   943 | D:3      | Noticed Terence
   958 | D:3      | Killed Terence
  1050 | D:3      | Reached XP level 5. HP: 28/28 MP: 8/8
  1194 | D:3      | Found a blossoming altar of Fedhas.
  1388 | D:3      | Found a radiant altar of Vehumet.
  1795 | D:4      | Reached skill level 6 in Stealth
  1920 | D:4      | Reached skill level 1 in Ice Magic
  1920 | D:4      | Reached XP level 6. HP: 33/33 MP: 3/10
  2708 | D:5      | Entered Level 5 of the Dungeon
  2717 | D:5      | Reached skill level 1 in Fighting
  2732 | D:5      | Noticed a steam dragon
  2740 | D:5      | Killed a steam dragon
  2741 | D:5      | Reached XP level 7. HP: 24/38 MP: 9/12
  2759 | D:5      | Reached skill level 7 in Stealth
  3361 | D:5      | Noticed Menkaure
  3370 | D:5      | Killed Menkaure
  3496 | D:5      | Reached XP level 8. HP: 44/44 MP: 14/14
  3662 | D:5      | Noticed Ijyb
  3679 | D:5      | Killed Ijyb
  3680 | D:5      | Reached skill level 8 in Stealth
  3837 | D:5      | Found a sparkling altar of Nemelex Xobeh.
  3955 | D:5      | Reached skill level 5 in Hexes
  4410 | D:5      | Found a sacrificial altar of Ru.
  4637 | D:6      | Reached skill level 1 in Armour
  4842 | D:6      | Noticed Jeremiah
  4864 | D:6      | Killed Jeremiah
  4865 | D:6      | Reached skill level 9 in Stealth
  4865 | D:6      | Reached XP level 9. HP: 26/48 MP: 2/16
  5002 | D:6      | Noticed Grinder
  5035 | D:6      | Killed Grinder
  5036 | D:6      | Reached skill level 5 in Spellcasting
  5120 | D:6      | Found an opulent altar of Gozag.
  5344 | D:6      | HP: 2/49 [orc priest/divine providence (11)]
  5349 | D:6      | Noticed Duvessa
  5372 | D:5      | Reached skill level 1 in Evocations
  5521 | D:6      | Noticed Dowan
  5694 | D:6      | Found a staircase to the Ecumenical Temple.
  5711 | Temple   | Entered the Ecumenical Temple
  5742 | Temple   | Became a worshipper of Dithmenos the Shadowed
  6407 | D:7      | HP: 1/47 [ufetubus (3)]
  7077 | D:8      | Found an ancient bone altar of Kikubaaqudgha.
  7143 | D:8      | Found a runed translucent door.
  7166 | D:8      | Found a flagged portal.
  7190 | Bailey   | Entered a bailey
  7307 | Bailey   | Noticed an orc warlord
  7323 | Bailey   | Slain by an orc warrior

Illustrated notes

Levels and vault maps discovered:
D:1:      minmay_arrival_loop, layout_loops_ring, serial_forest,
          infiniplex_forest_lined_3, infiniplex_forest_straight_3,
          infiniplex_forest_clump_double, infiniplex_forest_corner_2,
          infiniplex_forest_clump_C, infiniplex_forest_clump_tiny,
          infiniplex_forest_fountain, infiniplex_forest_end_1,
          infiniplex_forest_end_1
D:2:      layout_basic, chequers_serial_rivers_room_a, uniq_sigmund,
          uniq_crazy_yiuf_cottage
D:3:      layout_basic, grunt_qazlal_sundering, mainiacjoe_overflow_two_lobes,
          reono_crystal_passage, hangedman_decor_clover_reticule,
          hangedman_decor_slide_cut, uniq_terence
D:4:      layout_cave_pools
D:5:      cheibrodos_fzero, layout_basic, mainiacjoe_overflow_alcove_1,
          nemelex_altar_shiori, st_stairs_14, uniq_ijyb, uniq_menkaure
D:6:      nicolae_cairo_tiling_large, layout_basic, grunt_gozag_breadcrumbs,
          minmay_temple_entry_tees, uniq_jeremiah, uniq_duvessa, uniq_grinder
D:7:      layout_gridville, nicolae_tso_carved_into_rock, serial_shops,
          nicolae_shop_dealshenge, minmay_misc_feat_rows,
          minmay_misc_feat_ornament, uniq_joseph, uniq_pikel
D:8:      layout_basic, regret_index_kikubaaqudgha_part_by_part, enter_bailey_5,
          ebering_ghost_reflecting_pool, uniq_maggie, uniq_grum
Temple:   hellmonk_temple_beads
Bailey:   bailey_axe_bossmonster_kennysheep, bailey

Skill      XL: |  1  2  3  4  5  6  7  8  9 |
---------------+----------------------------+-----
Stealth        | 5 6 7 9 |  9.6
Short Blades   | 2 3 4 |  4.6
Hexes          | 4 5 6 |  6.2
Ice Magic      | 1 2 3 |  3.0
Spellcasting   | 3 4 5 |  5.5
Fighting       | 1 2 |  2.6
Dodging        | 3 4 |  4.3
Armour         | 1 2 |  2.0
Evocations     | 1 |  1.0
Throwing       | |  0.5

Action                     |  1- 3 |  4- 6 |  7- 9 || total
---------------------------+-------+-------+-------++-------
  Melee: Dagger            |    16 |    65 |   206 ||   287
         Punch             |       |     3 |     9 ||    12
  Throw: Throwing net      |       |       |     4 ||     4
         Boomerang         |       |       |     3 ||     3
   Cast: Ensorcelled Hiber |     4 |    35 |    28 ||    67
         Confusing Touch   |       |     2 |     2 ||     4
         Tukima's Dance    |       |       |    16 ||    16
  Evoke: Wand              |       |       |     4 ||     4
    Use: Scroll            |       |       |    14 ||    14
         Potion            |       |       |     6 ||     6
   Stab: Sleeping          |    14 |    29 |    22 ||    65
         Confused          |       |     1 |     1 ||     2
         Distracted        |       |       |     2 ||     2
         Held in net/web   |       |       |     3 ||     3
         Invisible         |       |       |     1 ||     1
 Armour: Robe              |     4 |    21 |    19 ||    44
         Leather armour    |       |       |   133 ||   133
  Dodge: Dodged            |    13 |    47 |   174 ||   234

Table legend: (Time is in decaauts)
 A = Elapsed time spent in this place.
 B = Non-inter-level travel time spent in this place.
 C = Inter-level travel time spent in this place.
 D = Time resting spent in this place.
 E = Time spent auto-exploring this place.
 F = Levels seen in this place.
 G = Mean time per level.
                   A        B        C        D        E       F      G
               +--------+--------+--------+--------+--------+-----+--------+
         Total |   7265 |   6993 |    272 |   1274 |   4481 |  10 |  726.5 |
       Dungeon |   7077 |   6830 |    247 |   1274 |   4461 |   8 |  884.6 |
        Temple |     58 |     33 |     25 |      0 |      0 |   1 |   58.0 |
        Bailey |    128 |    128 |      0 |      0 |     20 |   1 |  128.0 |
               +--------+--------+--------+--------+--------+-----+--------+

Top non-repeatable levels by time:
     D:5: 1574 daAuts
     D:4: 1442 daAuts
     D:6: 1329 daAuts
     D:3: 1160 daAuts
     D:7: 661 daAuts
     D:1: 612 daAuts
     D:8: 285 daAuts
  Bailey: 128 daAuts
  Temple: 58 daAuts
     D:2: 11 daAuts
